 Dungeon Crawl Stone Soup version bcrawl-1.34.4 (webtiles) character file.

Game seed: 17423077868192480963

325176 KristoblXynda the Slicer (level 11, -1/80 HPs)
             Began as a Kobold Gladiator on Oct 23, 2021.
             Was a Follower of Ashenzari.
             Succumbed to Psyche's poison arrow
             ... on level 9 of the Dungeon.
             The game lasted 00:15:11 (9359 turns).

KristoblXynda the Slicer (Kobold Gladiator)         Turns: 9359, Time: 00:15:11

Health: -1/80      AC: 13    Str: 14    XL:     11   Next: 30%
Magic:  11/11      EV: 20    Int: 11    God:    Ashenzari [*.....]
Gold:   609        SH:  0    Dex: 16    Spells: 5/10 levels left

rFire    . . .     SeeInvis .   a - +2 dagger (venom)
rCold    . . .     Gourm    +   (shield restricted)
rNeg     . . .     Faith    .   q - +0 ring mail
rPois    .         Spirit   .   c - +0 helmet
rElec    .         Reflect  .   A - +0 cloak
rCorr    .         Harm     .   g - +0 pair of gloves
MR       .....                  F - +0 pair of boots
Stlth    ++++......             y - amulet of the gourmand
HPRegen  0.23/turn              w - +2 ring of protection
MPRegen  0.12/turn              (no ring)

@: lethally poisoned (-1 -> -22), slowed, very slow
A: small, talons 1, carnivore, mutation resistance 1, sense surroundings 2
a: Curse Item, Scrying, Renounce Religion


You were on level 9 of the Dungeon.
You worshipped Ashenzari.
Ashenzari was aware of your devotion.
You were full.

You visited 2 branches of the dungeon, and saw 10 of its levels.
You also visited: Sewer.

You collected 687 gold pieces.
You spent 78 gold pieces at shops.

Inventory:

Hand Weapons
 a - a +2 dagger of venom (weapon)
Missiles
 d - 2 throwing nets (quivered) {=f}
Armour
 c - a +0 helmet (worn)
 g - a +0 pair of gloves (worn)
 q - a +0 ring mail (worn)
 A - a +0 cloak (worn)
 F - a +0 pair of boots (worn)
Jewellery
 w - a +2 ring of protection (left hand)
 y - an amulet of the gourmand (around neck)
 B - an uncursed ring of positive energy
 D - the cursed amulet of Vision {SInv *Curse}
   (You found it in the Ecumenical Temple)

   [amulet of nothing]

   It lets you see invisible.
   It curses itself when equipped.
   It has a curse placed upon it.
 O - an uncursed ring of wizardry
Wands
 G - a wand of digging (5)
 K - a wand of disintegration (16)
 M - a wand of iceblast (1)
 N - a wand of random effects (11)
 P - a wand of scattershot (3)
Scrolls
 h - 3 scrolls of amnesia
 k - 5 scrolls of teleportation
 l - 2 scrolls of immolation
 m - 5 scrolls of remove curse
 n - 3 scrolls of enchant armour
 v - 2 scrolls of fear
 z - a scroll of enchant weapon
 E - a scroll of blinking {unknown}
 I - 3 scrolls of magic mapping
Potions
 b - 3 potions of lignification
 f - 2 potions of heal wounds
 j - a potion of magic
 o - 2 potions of resistance
 p - 5 potions of mutation
 r - a potion of brilliance
 s - a potion of ambrosia {unknown}
 t - 3 potions of curing
 u - a potion of agility
 x - 2 potions of haste
 C - 3 potions of cancellation {unknown}
 H - a potion of invisibility {unknown}
 J - 2 potions of might
 L - a potion of flight {unknown}
Comestibles
 e - 24 rations {!d}


   Skills:
 + Level 9.3 Fighting
 + Level 11.0 Short Blades
 - Level 3.1 Throwing
 + Level 5.0 Armour
 + Level 10.2 Dodging
 + Level 10.9 Stealth


You had 5 spell levels left.
You knew the following spells:

 Your Spells              Type           Power        Failure   Level  Hunger
a - Dispel Undead         Necr           #.......     100%        5    #######

Your spell library contained the following spells:

 Spells                   Type           Power        Failure   Level  Hunger
 Animate Skeleton         Necr           N/A          56%         1    None
 Pain                     Necr           #.....       56%         1    None
 Sandblast                Erth           #.....       56%         1    None
 Summon Small Mammal      Summ           #...         56%         1    None
 Call Imp                 Summ           #.....       71%         2    ####...
 Passwall                 Tmut/Erth      #.......     71%         2    ####...
 Call Canine Familiar     Summ           #.......     90%         3    #####..
 Stone Arrow              Conj/Erth      #.....       90%         3    #####..
 Vampiric Draining        Necr           #.........   90%         3    #####..
 Agony                    Necr           #.......     100%        4    ######.
 Animate Dead             Necr           N/A          100%        4    ######.
 Petrify                  Tmut/Erth      #.........   100%        4    ######.
 Summon Ice Beast         Ice/Summ       #.......     100%        4    ######.
 Lee's Rapid Deconstruct  Erth           #.........   100%        5    #######
 Summon Lightning Spire   Summ/Air       #.......     100%        5    #######


Dungeon Overview and Level Annotations

Branches:
Dungeon (9/12)             Temple (1/1) D:5            Lair (0/6) D:7
    Orc: D:8-11

Altars:
Ashenzari
Cheibriados
Dithmenos
Elyvilon
Fedhas
Gozag
Hepliaklqana
Kikubaaqudgha
Lugonu
Makhleb
Nemelex Xobeh
Okawaru
Qazlal
Ru
Sif Muna
Trog
Uskayaw
Vehumet
Wu Jian
Xom
Yredelemnul
Zin
The Shining One

Shops:
D:5 !(?=[   D:6 ?   D:7 :   D:9 (

Annotations:
D:3 exclusion: oklob plant
D:8 2 transporters, izumii3's ghost, journeyman NaBe
D:9 Psyche


Innate Abilities, Weirdness & Mutations

You are small and have problems with some larger weapons.
You have sharp toenails.
You are carnivorous and can eat meat at any time.
You are somewhat resistant to further mutation.
You passively map the area around you.


Message History

Psyche closely misses you.
Psyche points at you and mumbles some strange words.
You are poisoned.
The poison arrow hits you!!
You closely miss Psyche.
Psyche is lightly wounded.
You feel sick. Psyche closely misses you.
You hit Psyche but do no damage.
Psyche is lightly wounded.
You feel sick. Psyche hits you but does no damage.
You feel sick. Psyche casts a spell at you. The poison arrow misses you.
Psyche misses you.
You feel sick. Psyche gestures at you while chanting.
You are more poisoned.
The poison arrow hits you!!
* * * LOW HITPOINT WARNING * * *
Psyche hits you but does no damage.
You die...

##.#.####.#
#.#.........# ,
..<#...##.#
#.#.##......#
.#.###.##.# #.#,
#....#.# .#.#
#.##.####.# #....#.# ,*
.#.# #.#....##.#,
#....#.. * .#.#
#.#....'..# ......##.#*
.#.# #.#....#######....
*.. * .#.#
#.#....#....####, #.*
.#[###.#....##@#@# *
#.## *.#
.#.....#######h#.####.#
*..# #.#
.#############.#......#
*#.###.#
.(.....##..........# **
###..##.#
.#####.##..........#
#....##.#
.....#.#...........#
#<.......
####.#.#...........#
#...#.#.#
####.#.#.###########
#...#.).# .....#......#
######...


There were no monsters in sight!

Vanquished Creatures
  A two-headed ogre (D:6)
  A harpy (shapeshifter) (D:7)
  Pikel (D:5)
  Joseph (D:7)
  A komodo dragon (D:7)
  Grinder (D:3)
  A troll (D:9)
  2 hippogriffs
  A hungry ghost (D:4)
  An acid dragon (D:9)
  2 water moccasins
  4 orc warriors
  An ice beast (D:7)
  Purgy (Sewer)
  A black bear (D:9)
  A hornet zombie (D:8)
  A necrophage (D:8)
  A phantom (D:9)
  An ogre (D:5)
  A centaur (D:7)
  2 bullfrogs
  A big kobold (D:9)
  4 scorpions
  10 wights
  6 howler monkeys (D:7)
  5 orc priests
  4 crimson imps
  3 centaur zombies
  2 jellies
  Crazy Yiuf (D:3)
  3 hounds
  A bullfrog skeleton (D:7)
  Jessica (D:3)
  3 orc wizards
  6 worker ants
  2 hound skeletons
  12 adders
  4 gnolls (D:5)
  2 river rats (D:3)
  3 shadow imps
  An ooze (D:3)
  An adder skeleton (D:5)
  4 worms
  3 leopard geckos
  35 orcs
  5 ball pythons
  4 giant cockroaches
  6 goblins
  4 hobgoblins
  2 jackals (D:8)
  14 kobolds
  2 quokkas (D:5)
  9 bats
  6 frilled lizards
  A jackal skeleton (D:4)
  A jackal zombie (D:6)
  7 rats
205 creatures vanquished.

Vanquished Creatures (others)
  A slave (D:5)
  A centaur zombie (D:5)
  An orc wizard (D:5)
  A worker ant zombie (D:5)
  An adder (D:5)
  2 orcs (D:5)
  12 plants (D:7)
  12 toadstools (D:3)
31 creatures vanquished.

Grand Total: 236 creatures vanquished

Notes
Turn   | Place    | Note
-------+----------+-------------------------------------------
     0 | D:1      | KristoblXynda the Kobold Gladiator began the quest for the
                  | Orb.
     0 | D:1      | Reached XP level 1. HP: 16/16 MP: 1/1
   114 | D:1      | Reached XP level 2. HP: 19/21 MP: 2/2
   348 | D:1      | Reached XP level 3. HP: 26/26 MP: 3/3
   789 | D:2      | Reached skill level 1 in Stealth
  1453 | D:2      | Reached XP level 4. HP: 33/33 MP: 4/4
  1768 | D:3      | Found a faded altar of an unknown god.
  1855 | D:3      | Found a runed door.
  1968 | D:3      | Reached XP level 5. HP: 37/37 MP: 5/5
  1976 | D:3      | Reached skill level 5 in Short Blades
  1994 | D:3      | Found a glowing drain.
  2001 | Sewer    | Entered a sewer
  2081 | Sewer    | Noticed Purgy
  2096 | Sewer    | Killed Purgy
  2097 | Sewer    | Reached skill level 5 in Dodging
  2097 | Sewer    | Reached XP level 6. HP: 18/44 MP: 6/6
  2355 | D:3      | Noticed Grinder
  2367 | D:3      | Paralysed by Grinder for 3 turns
  2378 | D:3      | Killed Grinder
  2379 | D:3      | Reached skill level 5 in Fighting
  2379 | D:3      | Reached skill level 6 in Short Blades
  2379 | D:3      | Reached XP level 7. HP: 25/50 MP: 7/7
  2507 | D:3      | Noticed Jessica
  2509 | D:3      | Killed Jessica
  2700 | D:3      | Found a blossoming altar of Fedhas.
  2714 | D:3      | Noticed an oklob plant
  3265 | D:3      | Noticed Crazy Yiuf
  3274 | D:3      | Killed Crazy Yiuf
  3399 | D:4      | Noticed a hungry ghost
  3416 | D:4      | Killed a hungry ghost
  3417 | D:4      | Reached skill level 5 in Stealth
  3508 | D:4      | Reached XP level 8. HP: 56/56 MP: 8/8
  3980 | D:5      | Entered Level 5 of the Dungeon
  3980 | D:5      | Found Yvatsy's Distillery.
  3982 | D:5      | Noticed Pikel
  4004 | D:5      | Reached skill level 7 in Short Blades
  4031 | D:5      | Killed Pikel
  4051 | D:5      | Found a staircase to the Ecumenical Temple.
  4098 | Temple   | Entered the Ecumenical Temple
  4185 | Temple   | Became a worshipper of Ashenzari the Shackled
  4186 | Temple   | Found the cursed amulet of Vision {SInv *Curse}
  4312 | D:5      | Bought a potion of heal wounds for 65 gold pieces
  4312 | D:5      | Bought a potion of degeneration for 13 gold pieces
  4388 | D:5      | Reached skill level 8 in Short Blades
  4388 | D:5      | Reached XP level 9. HP: 53/63 MP: 9/9
  4439 | D:5      | Found Mexoox's Antique Weapon Emporium.
  4467 | D:5      | Found Jeures's Antique Armour Emporium.
  4565 | D:5      | Found Soatsaic's Jewellery Boutique.
  4647 | D:5      | Found Waquin's Magic Scroll Emporium.
  4982 | D:6      | Noticed a hippogriff
  5000 | D:6      | Killed a hippogriff
  5016 | D:6      | Learned a level 5 spell: Dispel Undead
  5105 | D:6      | Found Bisaama's Magic Scroll Emporium.
  5405 | D:6      | Noticed a two-headed ogre
  5448 | D:6      | Killed a two-headed ogre
  5449 | D:6      | Reached skill level 9 in Short Blades
  5449 | D:6      | Reached skill level 1 in Armour
  5449 | D:6      | Reached XP level 10. HP: 59/72 MP: 10/10
  5975 | D:4      | Reached * piety under Ashenzari
  6234 | D:7      | Noticed Joseph
  6236 | D:7      | Killed Joseph
  6244 | D:7      | Noticed a harpy
  6248 | D:7      | Killed a harpy
  6249 | D:7      | Reached skill level 10 in Short Blades
  6337 | D:7      | Found Utaffaim's Book Boutique.
  6472 | D:7      | Noticed a komodo dragon
  6488 | D:7      | Killed a komodo dragon
  6535 | D:7      | Reached skill level 10 in Stealth
  6576 | D:7      | Found a staircase to the Lair.
  6724 | D:7      | Found a sacrificial altar of Ru.
  7668 | D:8      | Reached XP level 11. HP: 61/78 MP: 11/11
  7785 | D:8      | Found a transporter.
  7787 | D:8      | Found a transporter.
  7788 | D:8      | Noticed izumii3's ghost (journeyman NaBe)
  7794 | D:8      | Noticed a two-headed ogre
  8400 | D:9      | Found Huujibu's Antique Weapon Emporium.
  8487 | D:9      | Reached skill level 10 in Dodging
  8873 | D:9      | Reached skill level 11 in Short Blades
  9025 | D:9      | Reached skill level 5 in Armour
  9342 | D:9      | Noticed Psyche
  9358 | D:9      | HP: 1/80 [Psyche/poison arrow (32)]
  9359 | D:9      | Succumbed to Psyche's poison arrow

Skill      XL: |  1  2  3  4  5  6  7  8  9 10 11 |
---------------+----------------------------------+-----
Throwing       | 3 |  3.1
Dodging        | 4 5 6 7 8 9 10 | 10.2
Stealth        | 1 2 3 4 5 7 8 10 | 10.9
Fighting       | 4 5 6 7 8 9 |  9.3
Short Blades   | 5 6 8 9 10 11 | 11.0
Armour         | 1 4 5 |  5.0

Action                   |  1- 3 |  4- 6 |  7- 9 | 10-12 || total
-------------------------+-------+-------+-------+-------++-------
Melee: Rapier            |    80 |   108 |   236 |    84 ||   508
       Kick              |    15 |    31 |    72 |    35 ||   153
       Dagger            |       |       |       |   703 ||   703
Throw: Throwing net      |       |       |     3 |     1 ||     4
Evoke: Wand              |       |       |       |     1 ||     1
  Use: Scroll            |     5 |     1 |     8 |     5 ||    19
       Potion            |       |     1 |     1 |     2 ||     4
 Stab: Sleeping          |       |     4 |    10 |     8 ||    22
       Held in net/web   |       |       |     3 |     1 ||     4
       Distracted        |       |       |       |     2 ||     2
  Eat: Chunk             |     6 |     9 |    20 |    17 ||    52
       Ration            |       |       |     1 |     2 ||     3
Armor: Leather armour    |     6 |       |       |       ||     6
       Ring mail         |     6 |    37 |    64 |   112 ||   219
Dodge: Dodged            |    51 |    91 |   158 |   369 ||   669
